 Dungeon Crawl Stone Soup version 0.20-a0-1109-ge3cd172 (webtiles) character file.

2240 seren the Cleaver (level 9, 0/124 HPs)
             Began as a Hill Orc Fighter on May 5, 2017.
             Was an Initiate of Okawaru.
             Succumbed to a hornet's poison
             ... on level 7 of the Dungeon.
             The game lasted 00:25:20 (7760 turns).

seren the Cleaver (Hill Orc Fighter)                Turns: 7760, Time: 00:25:21

Health: 0/124      AC: 24    Str: 19    XL:     9   Next: 36%
Magic:  9/9        EV:  2    Int:  9    God:    Okawaru [......]
Gold:   322        SH:  5    Dex: 12    Spells: 8/8 levels left

rFire    . . .     SeeInvis .   a - +1 war axe
rCold    . . .     Gourm    .   J - +0 buckler
rNeg     + + +     Faith    .   (armour currently unavailable)
rPois    +         Spirit   .   (helmet currently unavailable)
rElec    .         Reflect  .   (cloak currently unavailable)
rCorr    .         Harm     .   (gloves currently unavailable)
MR       +....     NoTele   +   (boots currently unavailable)
Stlth    ++........             (no amulet)
Regen    0.3/turn               I - ring of stealth
MPRegen  0.2/turn               L - ring of protection from magic

@: lethally poisoned (0 -> -29), tree-form, slowed, very slow
A: no striking features
a: Renounce Religion


You were on level 7 of the Dungeon.
You worshipped Okawaru.
Okawaru was noncommittal.
You were not hungry.
You were a tree.
You visited 2 branches of the dungeon, and saw 9 of its levels.

You collected 322 gold pieces.

Inventory:

Hand Weapons
 a - a +1 war axe (weapon)
 b - a +0 hunting sling
 w - a +2 hand axe of flaming
 T - a +2 flail of holy wrath
Missiles
 e - 83 bolts
 r - 94 stones
 s - 61 sling bullets
 Q - 2 throwing nets (quivered) {!f}
Armour
 c - a +0 shield
 q - a +0 scale mail (melded)
 u - a +0 cloak (melded)
 y - a +0 pair of gloves (melded)
 J - a +0 buckler (worn)
 N - a +1 helmet (melded)
Jewellery
 l - an uncursed ring of resist corrosion
 I - a ring of stealth (left branch)
 L - a ring of protection from magic (right branch)
 M - an uncursed ring of ice
Wands
 z - a wand of flame (21/48)
 C - a wand of paralysis (11/24)
 S - a wand of iceblast (7/15)
Scrolls
 n - 3 scrolls of fear
 p - a scroll of immolation {unknown}
 t - 2 scrolls of remove curse
 v - 4 scrolls of teleportation
 x - a scroll of recharging {unknown}
 A - a scroll of vulnerability {unknown}
 B - 3 scrolls of enchant weapon
 F - a scroll of magic mapping {unknown}
 R - a scroll of amnesia {unknown}
 V - a scroll of fog {unknown}
 W - a scroll of enchant armour {unknown}
 X - a scroll of summoning {unknown}
Potions
 d - a potion of might
 g - a potion of brilliance {unknown}
 h - a potion of lignification
 m - 2 potions of resistance
 o - a potion of degeneration {unknown}
 E - 2 potions of mutation {?q}
 G - a potion of ambrosia {unknown}
 H - 2 potions of haste {unknown}
 O - a potion of curing {unknown}
 P - a potion of magic {unknown}
 U - a potion of flight {unknown}
Books
 D - a book of Changes

   Spells                             Type                      Level
   a - Beastly Appendage              Transmutation                1
   b - Sticks to Snakes               Transmutation                2
   c - Spider Form                    Transmutation/Poison         3
   d - Ice Form                       Ice/Transmutation            4
   e - Blade Hands                    Transmutation                5
 Y - a book of Minor Magic

   Spells                             Type                      Level
   a - Magic Dart                     Conjuration                  1
   b - Blink                          Translocation                2
   c - Call Imp                       Summoning                    2
   d - Slow                           Hexes                        2
   e - Conjure Flame                  Conjuration/Fire             3
   f - Mephitic Cloud                 Conjuration/Poison/Air       3
Comestibles
 f - 7 bread rations
 i - 3 royal jellies
 k - 5 chunks of flesh
 K - a meat ration


   Skills:
 * Level 9.3 Fighting
 - Level 10.1 Axes
 + Level 6.2 Armour
 - Level 5.5 Shields


You had 8 spell levels left.
You didn't know any spells.

Dungeon Overview and Level Annotations

Branches:
Dungeon (8/15)             Temple (1/1) D:5
   Lair: D:8-11

Altars:
Ashenzari
Cheibriados
Dithmenos
Elyvilon
Fedhas
Gozag
Hepliaklqana
Kikubaaqudgha
Makhleb
Nemelex Xobeh
Okawaru
Qazlal
Ru
Sif Muna
Trog
Uskayaw
Vehumet
Wu Jian
Xom
Yredelemnul
Zin
The Shining One

Annotations:
D:2 altar with scroll in fire
D:7 Menkaure


Message History

The hornet is heavily wounded.
* * * LOW HITPOINT WARNING * * *
You feel very sick.
The hornet stings you but does no damage.
The hornet closely misses you.
The hornet stings you but does no damage.
You slash the hornet!
The hornet is almost dead.
* * * LOW HITPOINT WARNING * * *
You feel very sick. The hornet stings you!
* * * LOW HITPOINT WARNING * * *
You feel as though you will be slow longer.
The hornet stings you but does no damage.
You turn into a tree.
Your +0 cloak melds into your body.
Your +1 helmet melds into your body.
Your +0 pair of gloves melds into your body.
Your +0 scale mail melds into your body.
Your roots penetrate the ground.
You die...

..# # #.#. # .
##.## ###.
##########...####
##..
..##............#
##.#
#....#####...##.#
...# #.##.#
##.###.#
##.###.##.# #y#
#.# ##.....##.#
#♣# #.#
..........######)#
#.#
.#...####........#
#.# .##>##
#.#####..# #.#
.##.# #<# #..# #.#
.##.# #.# #..# #.#
....#
#.#####..###.#
.####
#............# .#
#.#####..#####


You could see a hornet.

Vanquished Creatures
  Grinder (D:3)
  Eustachio (D:5)
  Edmund (D:5)
  Duvessa (D:5)
  An orc warrior (D:6)
  A necrophage (D:6)
  A sky beast (D:5)
  An ogre (D:7)
  A bullfrog (D:6)
  A water moccasin zombie (D:5)
  2 scorpions
  Dowan (D:5)
  A howler monkey (D:4)
  2 bullfrog zombies (D:5)
  3 crimson imps
  2 jellies (D:5)
  3 orc priests
  Crazy Yiuf (D:3)
  3 orc wizards
  A centaur skeleton (D:5)
  Jessica (D:3)
  3 bullfrog skeletons
  8 worker ants
  Robin (D:3)
  5 gnolls
  9 adders
  3 shadow imps
  An ooze (D:6)
  An adder skeleton (D:5)
  4 worms
  3 dart slugs
  A leopard gecko (D:5)
  14 orcs
  10 bats
  A giant cockroach (D:4)
  16 goblins
  11 hobgoblins
  3 jackals (D:4)
  2 quokkas
  2 ball pythons
  10 frilled lizards
  7 kobolds
  8 rats
153 creatures vanquished.

Vanquished Creatures (others)
  A quokka (D:3)
1 creature vanquished.

Grand Total: 154 creatures vanquished

Notes
Turn   | Place    | Note
-------+----------+-------------------------------------------
     0 | D:1      | seren the Hill Orc Fighter began the quest for the Orb.
     0 | D:1      | Reached XP level 1. HP: 19/19 MP: 1/1
    90 | D:1      | Reached skill level 3 in Axes
   114 | D:1      | Reached XP level 2. HP: 23/26 MP: 2/2
   461 | D:1      | Reached skill level 4 in Axes
   647 | D:1      | Reached XP level 3. HP: 31/31 MP: 3/3
   973 | D:2      | Reached skill level 5 in Axes
  1393 | D:2      | Reached XP level 4. HP: 27/39 MP: 4/4
  1590 | D:2      | Found a radiant altar of Vehumet.
  1696 | D:2      | Reached skill level 6 in Axes
  2160 | D:3      | Reached XP level 5. HP: 16/45 MP: 5/5
  2436 | D:3      | Reached skill level 7 in Axes
  2517 | D:3      | Noticed Robin
  2535 | D:3      | Killed Robin
  2662 | D:3      | Noticed Grinder
  2665 | D:3      | Paralysed by Grinder for 2 turns
  2673 | D:3      | Paralysed by Grinder for 3 turns
  2676 | D:3      | Killed Grinder
  2676 | D:3      | Reached skill level 9 in Axes
  2676 | D:3      | Reached XP level 6. HP: 15/51 MP: 6/6
  2913 | D:3      | Found a white marble altar of Elyvilon.
  2922 | D:3      | Noticed Jessica
  2928 | D:3      | Killed Jessica
  3357 | D:3      | Found a runed door.
  3361 | D:3      | Noticed Crazy Yiuf
  3369 | D:3      | Killed Crazy Yiuf
  3369 | D:3      | Reached XP level 7. HP: 45/57 MP: 7/7
  3544 | D:4      | Found a hide-covered altar of Uskayaw.
  3577 | D:4      | Reached skill level 10 in Axes
  4097 | D:4      | Found a bloodstained altar of Trog.
  4177 | D:4      | Found a burning altar of Makhleb.
  4179 | D:4      | Noticed a blizzard demon
  4215 | D:4      | Found a deep blue altar of Sif Muna.
  4215 | D:4      | Found a glowing golden altar of the Shining One.
  4299 | D:5      | Entered Level 5 of the Dungeon
  4348 | D:5      | Found a staircase to the Ecumenical Temple.
  4348 | D:5      | Noticed Edmund
  4392 | D:5      | Noticed Eustachio
  4789 | D:5      | Found a shimmering altar of Xom.
  4857 | D:5      | Reached skill level 5 in Fighting
  5004 | D:5      | Reached XP level 8. HP: 68/68 MP: 8/8
  5222 | D:5      | Killed Eustachio
  5249 | D:5      | Reached skill level 5 in Armour
  5249 | D:5      | Reached skill level 5 in Shields
  5300 | D:5      | Noticed Dowan
  5320 | D:5      | Killed Dowan
  5572 | D:5      | Killed Edmund
  5579 | Temple   | Entered the Ecumenical Temple
  5721 | Temple   | Became a worshipper of Warmaster Okawaru
  5850 | D:6      | Reached XP level 9. HP: 68/81 MP: 9/9
  5876 | D:5      | Noticed Duvessa
  6280 | D:5      | Killed Duvessa
  6865 | D:6      | Found a blossoming altar of Fedhas.
  7163 | D:7      | Reached * piety under Okawaru
  7385 | D:7      | Noticed Menkaure
  7683 | D:8      | Noticed a hornet
  7746 | D:8      | Paralysed by a hornet for 2 turns
  7752 | D:7      | Paralysed by a hornet for 3 turns
  7759 | D:7      | HP: 3/83 [hornet (13)]
  7760 | D:7      | Succumbed to a hornet's poison

Vault maps used:
D:1:      minmay_arrival_jagged
D:2:      fiery_altar_vehumet, first_bread
D:3:      elyvilon_altar_4, uniq_grinder, uniq_jessica, uniq_robin,
          uniq_crazy_yiuf_cottage
D:4:      lightli_temple_of_fire, kennysheep_mini_moat,
          gammafunk_temple_overflow_elements, makhleb_altar_promises_db
D:5:      nicolae_overflow_crystal_walls, minmay_temple_entry_from_below_a,
          minmay_divided_ellipse, uniq_edmund, uniq_duvessa, uniq_eustachio
D:6:      fedhas_altar_3
D:7:      uniq_menkaure
D:8:      kennysheep_ambush_hall, enter_bailey_3, hangedman_pestilent_swarm
Temple:   regret_index_temple_waves

Skill      XL: |  1  2  3  4  5  6  7  8  9 |
---------------+----------------------------+-----
Axes           | 3 4 5 6 9 10 | 10.1
Fighting       | 5 7 9 |  9.3
Shields        | 4 5 |  5.5
Armour         | 4 5 6 |  6.2

Action                   |  1- 3 |  4- 6 |  7- 9 || total
-------------------------+-------+-------+-------++-------
Melee: War axe           |    94 |   149 |   263 ||   506
 Fire: Hunting sling     |    16 |     5 |    53 ||    74
  Use: Potion            |       |     1 |     3 ||     4
       Scroll            |       |       |     9 ||     9
 Stab: Invisible         |       |     1 |       ||     1
  Eat: Chunk             |     1 |     6 |     9 ||    16
       Fruit             |       |     1 |     2 ||     3
       Meat ration       |       |       |     1 ||     1
       Royal jelly       |       |       |     1 ||     1
Armor: Scale mail        |    68 |    66 |   131 ||   265
Dodge: Dodged            |    52 |    78 |   102 ||   232
Block: Buckler           |       |       |    60 ||    60
